 Dungeon Crawl Stone Soup version 0.23.2-33-g5129a83184 (webtiles) character file.

Game seed: 14976844526645194738

638678 dvd the Hoplite (level 27, -8/388 HPs)
             Began as a Minotaur Fighter on June 28, 2019.
             Was the Champion of the Shining One.
             Killed from afar by a starcursed mass (11 damage)
             ... with an accursed screaming
             ... while paralysed by accursed screaming
             ... on level 1 of the Abyss on June 29, 2019.
             The game lasted 04:41:14 (59338 turns).

dvd the Hoplite (Minotaur Fighter)                 Turns: 59338, Time: 04:41:15

Health: -8/388     AC: 27    Str: 31    XL:     27
Magic:  20/30      EV:  2    Int: 15    God:    the Shining One [******]
Gold:   4841       SH:  0    Dex: 27    Spells: 26/37 levels left

rFire    + + .     SeeInvis +   a - +5 broad axe (holy)
rCold    + + +     Gourm    .   P - +5 shield {reflect}
rNeg     + + +     Faith    .   K - +1 plate armour "Forget-Me-Not" {rF+ MR+ Int+7 Dex+3}
rPois    +         Spirit   .   F - +0 mask of the Dragon {MR+ Slay+3 SInv}
rElec    +         Reflect  +   v - scarf {rC+ rF+}
rCorr    +         Harm     .   p - +0 pair of gloves of Jimpymp {rC+ rCorr}
MR       ++++.     Rnd*Rage +   r - +2 pair of boots {run}
Stlth    ..........             U - amulet of Beauty {Regen+ Str+2 Slay+3}
HPRegen  1.14/turn              X - ring of Seabluz {rC+ rN+ Dex+4}
MPRegen  0.22/turn              A - ring of Red Wine {rElec rPois rC+ Int+3}

@: paralysed, berserking, divine shield, flayed, very slightly contaminated,
hasted, glowing, quick
A: retaliatory headbutt, horns 2, large bone plates 1, berserk 1, mutation
resistance 1
}: 4/15 runes: barnacled, slimy, silver, gossamer
a: Divine Shield, Cleansing Flame, Summon Divine Warrior, Renounce Religion


You were on level 1 of the Abyss.
You worshipped the Shining One.
The Shining One was exalted by your worship.
You were hungry.

You visited 12 branches of the dungeon, and saw 51 of its levels.
You visited the Abyss 2 times.
You also visited: Ossuary, Gauntlet, Ice Cave, Volcano and Desolation.

You collected 8812 gold pieces.
You spent 3971 gold pieces at shops.

Inventory:

Hand Weapons
 a - a +5 broad axe of holy wrath (weapon)
 b - a +9 fustibalus of flaming
 c - the +8 whip "Snakebite" {curare, rPois}
   (You found it on level 3 of the Lair of Beasts)

   It poisons the flesh of those it strikes.
   It protects you from poison.
 d - a +9 war axe of flaming
 M - the +9 hand axe "Meoheli" {chop, rPois rF+ Str+4}
   (Okawaru gifted it to you on level 4 of the Lair of Beasts)

   It inflicts extra damage upon your enemies.
   It affects your strength (+4).
   It protects you from fire.
   It protects you from poison.
 W - the +10 whip of Gydocs {holy, rN+ MP+9}
   (You found it on level 5 of the Vaults)

   It has been blessed by the Shining One to cause great damage to the undead
   and demons.
   It protects you from negative energy.
   It affects your magic capacity (+9).
Missiles
 y - 490 sling bullets
 B - 13 steel javelins (quivered)
Armour
 p - the +0 pair of gloves of Jimpymp (worn) {rC+ rCorr}
   (Okawaru gifted it to you on level 3 of the Abyss)

   It protects you from cold.
   It provides partial protection from all sources of acid and corrosion.
 r - a +2 pair of boots of running (worn)
 v - a scarf of resistance (worn)
 F - the +0 mask of the Dragon (worn) {MR+ Slay+3 SInv}
   (Okawaru gifted it to you on level 2 of the Depths)

   It affects your accuracy and damage with ranged weapons and melee attacks
   (+3).
   It affects your resistance to hostile enchantments.
   It lets you see invisible.
 K - the +1 plate armour "Forget-Me-Not" (worn) {rF+ MR+ Int+7 Dex+3}
   (You bought it in a shop on level 2 of the Orcish Mines)

   It affects your intelligence (+7).
   It affects your dexterity (+3).
   It protects you from fire.
   It affects your resistance to hostile enchantments.
 P - a +5 shield of reflection (worn)
Jewellery
 k - the ring "Oniari Olui" {+Blink rElec rPois MR+}
   (You found it on level 5 of the Pits of Slime)

   [ring of protection from magic]

   It insulates you from electricity.
   It protects you from poison.
   It affects your resistance to hostile enchantments.
   It lets you blink.
 o - the ring of Uvokhluab {+Fly MR+}
   (You found it in the Desolation of Salt)

   [ring of flight]

   It affects your resistance to hostile enchantments.
   It lets you fly.
 A - the ring of Red Wine (right hand) {rElec rPois rC+ Int+3}
   (You acquired it on level 11 of the Dungeon)

   [ring of poison resistance]

   It affects your intelligence (+3).
   It protects you from cold.
   It insulates you from electricity.
   It protects you from poison.
 D - the amulet "Kyeg" {RegenMP rF++ Str+2 Dex+3 Stlth-}
   (You took it off a salamander on level 2 of the Depths)

   [amulet of magic regeneration]

   It increases your magic regeneration.
   It affects your strength (+2).
   It affects your dexterity (+3).
   It greatly protects you from fire.
   It makes you less stealthy.
 U - the amulet of Beauty (around neck) {Regen+ Str+2 Slay+3}
   (You bought it in a shop on level 3 of the Elven Halls)

   [amulet of regeneration]

   It affects your strength (+2).
   It affects your accuracy and damage with ranged weapons and melee attacks
   (+3).
   It increases your rate of regeneration.
 X - the ring of Seabluz (left hand) {rC+ rN+ Dex+4}
   (You acquired it on level 4 of the Vaults)

   [ring of dexterity]

   It affects your dexterity (+4).
   It protects you from cold.
   It protects you from negative energy.
Wands
 h - a wand of flame (122)
 l - a wand of iceblast (20)
 s - a wand of digging (11)
 N - a wand of acid (31)
 O - a wand of paralysis (11)
 R - a wand of disintegration (43)
 T - a wand of scattershot (13)
Scrolls
 g - 38 scrolls of identify
 w - 8 scrolls of fog
 z - 3 scrolls of blinking
 G - a scroll of enchant armour
 H - 29 scrolls of teleportation
 I - a scroll of summoning
 J - 8 scrolls of magic mapping
 L - 19 scrolls of remove curse
 S - 6 scrolls of fear
Potions
 e - 2 potions of mutation
 i - 6 potions of heal wounds
 j - 3 potions of haste
 m - 18 potions of curing
 u - 3 potions of might
 x - 11 potions of flight
 C - 6 potions of magic
 E - a potion of berserk rage
 Q - 3 potions of ambrosia
 V - a potion of cancellation
 Y - 6 potions of agility
Miscellaneous
 n - 4 phantom mirrors
 q - a lightning rod (4/4)
Comestibles
 f - 71 rations


   Skills:
 + Level 23.4 Fighting
 + Level 19.9(21.1) Axes
 + Level 13.2(18.0) Maces & Flails
 + Level 17.6(17.8) Slings
 + Level 3.5(11.5) Throwing
 * Level 23.2 Armour
 + Level 7.6 Dodging
 + Level 2.7 Stealth
 + Level 25.1 Shields
 * Level 5.9 Spellcasting
 + Level 5.7 Charms
 * Level 7.8 Summonings
 + Level 5.4 Translocations
 + Level 11.1 Invocations
 + Level 1.4 Evocations


You had 26 spell levels left.
You knew the following spells:

 Your Spells              Type           Power        Failure   Level  Hunger
a - Blink                 Tloc           N/A          8%          2    #......
b - Apportation           Tloc           ###...       5%          1    None
c - Shroud of Golubria    Chrm/Tloc      ###.......   7%          2    #......
d - Summon Small Mammal   Summ           ####         1%          1    None
e - Aura of Abjuration    Summ           ####......   45%         5    ######.

Your spell library contained the following spells:

 Spells                   Type           Power        Failure   Level  Hunger
 Summon Butterflies       Summ           ####....     1%          1    None
 Call Imp                 Summ           ####....     2%          2    #......
 Call Canine Familiar     Summ           ####....     5%          3    ###....
 Recall                   Summ/Tloc      N/A          10%         3    ###....
 Gell's Gravitas          Tloc           ###.......   16%         3    ###....
 Lesser Beckoning         Tloc           ###.......   16%         3    ###....
 Teleport Other           Tloc           ###.....     16%         3    ###....
 Swiftness                Chrm/Air       ##......     22%         2    #......
 Summon Guardian Golem    Hex/Summ       ###.....     28%         3    ###....
 Animate Skeleton         Necr           N/A          43%         1    None
 Beastly Appendage        Tmut           #.....       43%         1    None
 Confusing Touch          Hex            #.....       43%         1    None
 Flame Tongue             Conj/Fire      #....        43%         1    None
 Magic Dart               Conj           #...         43%         1    None
 Shock                    Conj/Air       #...         43%         1    None
 Sting                    Conj/Pois      #...         43%         1    None
 Portal Projectile        Hex/Tloc       ##....       43%         3    ###....
 Passage of Golubria      Tloc           N/A          45%         4    ####...
 Summon Demon             Summ           ####......   45%         5    ######.
 Corpse Rot               Necr           N/A          58%         2    #......
 Ensorcelled Hibernation  Hex/Ice        #.....       58%         2    #......
 Poisonous Vapours        Pois/Air       #.....       58%         2    #......
 Searing Ray              Conj           #.....       58%         2    #......
 Slow                     Hex            #.......     58%         2    #......
 Sticks to Snakes         Tmut           #.......     58%         2    #......
 Sublimation of Blood     Necr           #.........   58%         2    #......
 Throw Flame              Conj/Fire      #.....       58%         2    #......
 Summon Forest            Summ/Tloc      ###.......   65%         5    ######.
 Summon Ice Beast         Ice/Summ       ###.....     67%         4    ####...
 Confuse                  Hex            #.......     82%         3    ###....
 Conjure Flame            Conj/Fire      #.......     82%         3    ###....
 Dazzling Spray           Conj/Hex       #.....       82%         3    ###....
 Ignite Poison            Fire/Tmut/Pois #.......     82%         3    ###....
 Inner Flame              Hex/Fire       #.......     82%         3    ###....
 Mephitic Cloud           Conj/Pois/Air  #.......     82%         3    ###....
 Static Discharge         Conj/Air       #.......     82%         3    ###....
 Stone Arrow              Conj/Erth      #.....       82%         3    ###....
 Tukima's Dance           Hex            #.......     82%         3    ###....
 Vampiric Draining        Necr           #.........   82%         3    ###....
 Force Lance              Conj/Tloc      ##......     83%         4    ####...
 Summon Mana Viper        Hex/Summ       ###.....     95%         5    ######.
 Shadow Creatures         Summ           N/A          96%         6    #######
 Airstrike                Air            #.........   99%         4    ####...
 Cause Fear               Hex            #.........   99%         4    ####...
 Fulminant Prism          Conj/Hex       #.........   99%         4    ####...
 Ice Form                 Ice/Tmut       #.......     99%         4    ####...
 Iskenderun's Mystic Bla  Conj           #.......     99%         4    ####...
 Leda's Liquefaction      Hex/Erth       #.........   99%         4    ####...
 Olgreb's Toxic Radiance  Pois           #.......     99%         4    ####...
 Petrify                  Tmut/Erth      #.......     99%         4    ####...
 Sticky Flame             Conj/Fire      #.......     99%         4    ####...
 Iskenderun's Battlesphe  Conj/Chrm      ##......     99%         5    ######.
 Agony                    Necr           #.......     100%        5    ######.
 Alistair's Intoxication  Tmut/Pois      #.......     100%        5    ######.
 Bolt of Draining         Conj/Necr      #.........   100%        5    ######.
 Borgnjor's Vile Clutch   Necr/Erth      #.........   100%        5    ######.
 Fireball                 Conj/Fire      #.........   100%        5    ######.
 Irradiate                Conj/Tmut      #.........   100%        5    ######.
 Lee's Rapid Deconstruct  Erth           #.........   100%        5    ######.
 Lightning Bolt           Conj/Air       #.........   100%        5    ######.
 Metabolic Englaciation   Hex/Ice        #.........   100%        5    ######.
 Silence                  Hex/Air        #.........   100%        5    ######.
 Venom Bolt               Conj/Pois      #.........   100%        5    ######.
 Yara's Violent Unravell  Hex/Tmut       #.........   100%        5    ######.
 Bolt of Cold             Conj/Ice       #.........   100%        6    #######
 Bolt of Fire             Conj/Fire      #.........   100%        6    #######
 Conjure Ball Lightning   Conj/Air       #.........   100%        6    #######
 Darkness                 Hex            #.........   100%        6    #######
 Death Channel            Necr           #.........   100%        6    #######
 Deflect Missiles         Chrm/Air       ##........   100%        6    #######
 Freezing Cloud           Conj/Ice/Air   #.........   100%        6    #######
 Hydra Form               Tmut           #.........   100%        6    #######
 Invisibility             Hex            #.......     100%        6    #######
 Iron Shot                Conj/Erth      #.........   100%        6    #######
 Ozocubu's Refrigeration  Ice            #.........   100%        6    #######
 Simulacrum               Ice/Necr       #.........   100%        6    #######
 Statue Form              Tmut/Erth      #........    100%        6    #######
 Dragon Form              Tmut           #.........   100%        7    #######
 Ring of Flames           Chrm/Fire      ##........   100%        7    #######
 Summon Hydra             Summ           ####......   100%        7    #######
 Discord                  Hex            #.........   100%        8    #######
 Ignition                 Fire           #.........   100%        8    #######
 Infestation              Necr           #.........   100%        8    #######
 Dragon's Call            Summ           ####......   100%        9    #######
 Shatter                  Erth           #.........   100%        9    #######
 Tornado                  Air            #.........   100%        9    #######


Dungeon Overview and Level Annotations

Branches:
Dungeon (15/15)            Temple (1/1) D:6            Lair (6/6) D:9
 Shoals (4/4) Lair:3       Spider (4/4) Lair:4        Slime (5/5) Lair:5
    Orc (2/2) D:12            Elf (3/3) Orc:2        Vaults (5/5) D:13
  Crypt (3/3) Vaults:2       Tomb (0/3) Crypt:3      Depths (2/5) D:15
   Hell (1/1)
    Dis: Hell:1         Geh: Hell:1         Coc: Hell:1         Tar: Hell:1

Altars:
Ashenzari
Cheibriados
Dithmenos
Elyvilon
Fedhas
Gozag
Hepliaklqana
Kikubaaqudgha
Makhleb
Nemelex Xobeh
Okawaru
Qazlal
Ru
Sif Muna
Trog
Uskayaw
Vehumet
Wu Jian
Xom
Yredelemnul
Zin
The Shining One
Jiyva

Shops:
D:4 =   D:8 *%%%(   D:9 %   D:11 *   Orc:2 ?[:[*[   Elf:1 *   Elf:3 ==}(
Depths:2 =

Portals:
Hell: Depths:1 Depths:2
Abyss: Depths:1 Depths:2
Pandemonium: Depths:2
Trove: D:11 (give horn of Geryon)

Annotations:
D:10 1 runed translucent door
Hell Geryon


Innate Abilities, Weirdness & Mutations

You reflexively headbutt those who attack you in melee.
You have a pair of horns on your head.
You are partially covered in large bone plates. (SH +4)
You tend to lose your temper in combat.
You are somewhat resistant to further mutation.


Message History

You slice the green draconian monk!!
The starcursed mass shudders and is absorbed by its neighbour.
You block the green draconian monk's attack. x4
The flayed ghost cries, "Feel what I felt!"
You slice the starcursed mass!!
You destroy the starcursed mass!
You have reached level 27, the final one!
Your experience leads to an increase in your attributes!
Your base attributes are Str 24, Int 5, Dex 19.
Increase (S)trength, (I)ntelligence, or (D)exterity?
You feel agile.
You slash the green draconian monk!
Unknown command.
A starcursed mass splits.
A cacophony of accursed wailing tears at your sanity!
* * * LOW HITPOINT WARNING * * *
You suddenly lose the ability to move!
The starcursed mass engulfs you but does no damage.
A cacophony of accursed wailing tears at your sanity!
You die... .. .. ∩ .
XWq

## # . ...
.....*. ──#. #
...
...X....(###
##.. .W.Xw..
.# #.
....XDXX..# #
. ...
.#y.WXD1X.#. #
#.#. .##
XX∩X..#. . ..
.. #5#XqX....
.
#..####@#....#
# #
#...#○qX.##..
#.°○°### .
#..##.# #.
#..# ## ###


You could see a bone dragon, 11 starcursed masses, a Hell Sentinel, a shadow
dragon, 2 draconians, 2 tentacled starspawn, a wretched star, a flayed ghost, a
shadow wraith (invisible), a starspawn tentacle and a quasit.

Vanquished Creatures
  Khufu (Crypt:1)
  Mara (Depths:2)
  An ancient lich (Crypt:3)
  The ghost of Duaga the Drop of Water, a veteran GnEn of Ru (Depths:2)
  A greater mummy (Crypt:1)
  Sojobo (Crypt:1)
  Saint Roka (Vaults:4)
  5 caustic shrikes
  4 golden dragons
  Arachne (Spider:2)
  Nikola (Elf:2)
  A profane servitor (Abyss:3)
  4 bone dragons
  5 tentacled monstrosities
  Jorgrun (Spider:2)
  Asterion (Depths:2)
  7 liches
  A Hell Sentinel (Abyss:3)
  The ghost of Zudwud the Crack Shot, an adept CeHu of Okawaru (Spider:1)
  13 titans
  7 deep elf blademasters
  2 ancient champions (Crypt:2)
  2 quicksilver dragons
  3 deep elf master archers
  9 tentacled starspawn
  3 krakens
  12 acid blobs
  Agnes (Elf:1)
  2 sphinxes (Vaults:4)
  8 shadow dragons
  5 storm dragons
  8 tengu reavers
  2 revenants (Crypt:2)
  Donald (Shoals:1)
  Roxanne (Elf:2)
  A daeva (Abyss:5)
  4 azure jellies
  Ilsuiw (Shoals:2)
  A draconian monk (Abyss:5)
  5 ghost moths
  10 deep elf sorcerers
  An orc warlord (Orc:1)
  7 fire giants
  18 frost giants
  The ghost of kalagan the Earth Mage, an adept DEEE of Sif Muna (Elf:3)
  Louise (D:15)
  3 imperial myrmidons (Desolation)
  2 cacodemons
  9 vault wardens
  2 emperor scorpions (Spider:4)
  6 deep elf elementalists (Elf:3)
  2 iron dragons (Vaults:5)
  2 balrugs
  6 ghouls
  17 stone giants
  7 war gargoyles
  A reaper (Hell)
  An ophan (Abyss:5)
  17 ironheart preservers
  7 vampire knights
  5 entropy weavers
  15 very ugly things
  5 deep elf demonologists
  4 deep elf annihilators
  A green draconian (Vaults:1)
  A black draconian (Crypt:1)
  13 spark wasps
  2 purple draconians
  A red draconian (Crypt:3)
  A minotaur (Gauntlet)
  A yellow draconian (Vaults:1)
  2 lorocyprocas (Abyss:1)
  Snorg (Lair:3)
  3 merfolk javelineers (Shoals:4)
  A blizzard demon (Abyss:5)
  8 deep elf death magi
  5 crystal guardians
  2 eidola (Crypt:1)
  7 merfolk impalers
  5 death oozes (Slime:5)
  6 ettins
  2 green deaths
  18 fire dragons
  5 deep elf high priests
  3 great orbs of eyes
  10 jiangshi
  34 vault guards
  18 yaktaur captains
  8 ragged hierophants (Desolation)
  2 naga warriors (Abyss:5)
  4 rakshasas
  9 hydras
  Harold (Orc:1)
  5 peacekeepers (Desolation)
  Fannar (Lair:1)
  6 servants of whispers (Desolation)
  13 ice dragons
  3 spriggan air magi
  Erica (D:9)
  3 satyrs
  4 death knights
  An alligator snapping turtle (Shoals:2)
  6 merfolk aquamancers
  27 dancing weapons
  3 centaur warriors
  4 merfolk avatars
  65 two-headed ogres
  7 deep troll shamans
  8 vampire magi
  3 orc high priests
  9 tengu warriors
  19 ogre magi
  3 spriggan berserkers
  2 death yaks (IceCv)
  24 thrashing horrors
  4 deep troll earth magi
  A storm dragon zombie (Crypt:3)
  15 hell knights
  20 deep elf knights
  5 soul eaters
  Nergalle (Lair:4)
  5 sun demons
  A salamander mystic (Depths:2)
  A titan skeleton (Crypt:3)
  4 sixfirhies
  5 spatial maelstroms
  4 fire crabs (shapeshifter)
  9 wretched stars
  A deep troll (shapeshifter) (Vaults:5)
  13 sea snakes
  31 skeletal warriors
  An iron troll (Depths:2)
  4 unseen horrors
  5 glowing orange brains
  16 deep trolls
  4 flayed ghosts
  24 large abominations
  17 ironbrand convokers
  A harpy (shapeshifter) (Depths:1)
  A lindwurm (shapeshifter) (Vaults:4)
  20 deep elf archers
  A swamp dragon (shapeshifter) (Vaults:5)
  A wolf spider zombie (D:15)
  19 orb spiders
  13 phantasmal warriors
  A fire giant zombie (Crypt:1)
  6 wizards
  2 anaconda skeletons
  10 orc knights
  A shining eye (shapeshifter) (Vaults:5)
  18 fauns
  19 harpies
  2 orc sorcerers (Orc:1)
  A wolf spider (shapeshifter) (Vaults:5)
  15 necromancers
  An orb spider (shapeshifter) (Vaults:5)
  13 manticores
  A salamander (shapeshifter) (D:15)
  A frost giant zombie (Depths:1)
  7 salamanders
  5 worldbinders
  5 shining eyes
  95 deep elf magi
  37 ugly things
  2 oklob plants
  7 cyclopes
  34 wolf spiders
  A moth of wrath (shapeshifter) (Depths:2)
  A frost giant skeleton (Depths:1)
  3 fire giant skeletons (Crypt:3)
  6 elephants (Lair:6)
  3 moths of wrath
  A stone giant skeleton (Crypt:3)
  4 apocalypse crabs
  2 centaur zombies (D:14)
  11 vault sentinels
  A rust devil (Hell)
  15 smoke demons
  8 water nymphs
  5 black mambas
  10 merfolk sirens
  Psyche (D:8)
  A gargoyle (D:11)
  5 guardian serpents
  A naga mage (Abyss:5)
  Joseph (D:10)
  An eye of devastation (shapeshifter) (Vaults:5)
  An ice statue (IceCv)
  6 torpor snails
  3 eyes of devastation
  9 spiny frogs
  A molten gargoyle (Desolation)
  A water nymph (shapeshifter) (Vaults:5)
  3 kobold demonologists
  A hellion (Abyss:3)
  An emperor scorpion zombie (Hell)
  2 dire elephant skeletons (Crypt:2)
  A minotaur zombie (Crypt:1)
  A rime drake (shapeshifter) (Vaults:2)
  2 hellwings (Abyss:3)
  2 efreet (Abyss:5)
  A storm dragon simulacrum (Vaults:2)
  3 rime drakes
  42 yaktaurs
  9 freezing wraiths
  13 demonic crawlers
  5 komodo dragons
  A yaktaur skeleton (Depths:1)
  A pale draconian skeleton (Crypt:1)
  6 tengu conjurers
  39 starcursed masses
  7 ancient zymes
  3 red devils
  2 hydra zombies (Crypt:3)
  8 trolls
  3 meliai (D:12)
  30 jumping spiders
  21 polar bears
  A meliai (shapeshifter) (Vaults:4)
  42 merfolk
  A hornet (shapeshifter) (Vaults:1)
  16 hornets
  44 saltlings (Desolation)
  A moth of wrath zombie (Crypt:1)
  A queen bee (D:12)
  A shadow dragon simulacrum (Abyss:5)
  57 slime creatures
  7 wind drakes
  An ice dragon zombie (Hell)
  2 bog bodies (Crypt:1)
  24 blink frogs
  A stone giant simulacrum (Crypt:1)
  10 dream sheep
  A human simulacrum (Vaults:1)
  19 raiju
  2 hippogriffs (shapeshifter)
  8 hippogriffs
  6 snapping turtles
  A hydra skeleton (Hell)
  A snapping turtle (shapeshifter) (Depths:1)
  3 fire dragon zombies (Crypt:3)
  A shadow (Crypt:2)
  7 wraiths
  2 ettin skeletons
  32 flying skulls (Crypt:3)
  A guardian serpent skeleton (Crypt:2)
  12 spriggans (Lair:6)
  2 spriggans (shapeshifter)
  43 yaks
  28 tarantellas
  54 redbacks
  A fire dragon skeleton (Crypt:3)
  15 water elementals
  5 air elementals
  7 wyverns
  Eustachio (D:6)
  2 vampires
  7 fire elementals
  11 fire bats
  A human (shapeshifter) (Vaults:3)
  3 hungry ghosts
  A fire bat (shapeshifter) (Vaults:2)
  3 basilisks
  16 golden eyes
  3 hogs (D:10)
  A human (D:10)
  7 chaos spawn
  4 vampire mosquitoes
  10 neqoxecs
  2 spatial vortices (Abyss:5)
  2 steam dragons (Volcano)
  A naga (shapeshifter) (Abyss:5)
  6 insubstantial wisps (Abyss:3)
  2 nagas (Abyss:5)
  5 wargs
  2 porcupines
  A floating eye (Depths:2)
  A hell hound (Hell)
  19 water moccasins
  29 orc warriors
  A dream sheep zombie (Crypt:2)
  An ettin simulacrum (Vaults:2)
  4 black bears
  2 eyes of draining (Slime:5)
  5 ice beasts
  An ice beast (shapeshifter) (Vaults:5)
  5 sky beasts
  A fire dragon simulacrum (Depths:1)
  7 necrophages
  2 elephant zombies (Crypt:2)
  A phantom (D:11)
  10 boggarts
  78 ogres
  41 wolves
  15 centaurs
  10 small abominations
  7 crocodiles
  A big kobold (D:10)
  A manticore skeleton (Crypt:3)
  15 bullfrogs
  2 earth elementals
  A gnoll sergeant (D:9)
  2 water moccasin zombies (Ossuary)
  6 scorpions
  2 wyvern skeletons
  A yak zombie (Crypt:1)
  21 killer bees (D:12)
  A water moccasin skeleton (Crypt:1)
  17 wights
  3 howler monkeys
  3 bullfrog zombies
  14 crimson imps
  9 hounds
  3 yaktaur simulacra
  3 quasits
  5 bullfrog skeletons
  27 orc priests
  9 jellies
  30 orc wizards
  7 centaur skeletons
  7 iguanas
  6 worker ants
  4 hell rats (Hell)
  2 porcupine skeletons
  A felid zombie (Crypt:1)
  5 big kobold zombies (Ossuary)
  A hound zombie (D:6)
  A hound skeleton (D:9)
  4 mummies
  A worker ant zombie (D:5)
  18 gnolls
  16 adders
  6 shadow imps
  3 white imps
  An ooze (D:3)
  An iguana zombie (Crypt:1)
  6 worms
  3 adder skeletons
  4 adder zombies (Ossuary)
  3 dart slugs
  10 leopard geckos
  136 orcs
  3 giant cockroaches
  7 gnoll zombies (Ossuary)
  5 goblins
  6 hobgoblins
  12 jackals
  16 kobolds
  5 quokkas
  2 ball pythons
  A ball python skeleton (D:6)
  6 bats
  5 frilled lizards
  8 hobgoblin zombies
  A jackal skeleton (D:4)
  6 kobold zombies (Ossuary)
  A leopard gecko skeleton (D:4)
  An orc skeleton (Crypt:2)
  4 orc zombies (Ossuary)
  8 rats
  A bush (Lair:5)
  3 fungi
  A lurking horror (Abyss:3)
  12 pillars of salt (Vaults:3)
  A plant (Shoals:4)
  8 starspawn tentacles
  8 tentacles
2853 creatures vanquished.

Vanquished Creatures (collateral kills)
  the Royal Jelly (Slime:5)
  3 acid blobs (Slime:5)
  6 azure jellies (Slime:5)
  A mummy priest (Crypt:2)
  3 death oozes (Slime:5)
  A vampire mage (Crypt:2)
  A phantasmal warrior (Crypt:2)
  A deep elf mage (Crypt:2)
  A golden eye (Slime:5)
  A warg (Orc:2)
  An orc (Orc:2)
  A plant (Orc:2)
21 creatures vanquished.

Vanquished Creatures (others)
  A deep elf master archer (Crypt:1)
  An eldritch tentacle (Abyss:1)
  2 stone giants
  6 yaktaur captains
  An ogre mage (Vaults:2)
  A deep elf knight (Crypt:1)
  2 deep elf archers (Crypt:1)
  A deep elf mage (Crypt:3)
  An orange demon (Abyss:1)
  10 yaktaurs
  A fire bat (Abyss:5)
  A warg (Elf:1)
  A naga (Abyss:5)
  A centaur (D:10)
  A small abomination (Abyss:5)
  An earth elemental (Elf:3)
  A hell rat (Hell)
  A white imp (Hell)
  An orc (Elf:1)
  A demonic plant (Gauntlet)
  4 fungi
  A lurking horror (Abyss:5)
  9 plants
  31 starspawn tentacles
  15 tentacles
96 creatures vanquished.

Grand Total: 2970 creatures vanquished

Notes
Turn   | Place    | Note
-------+----------+-------------------------------------------
     0 | D:1      | dvd the Minotaur Fighter began the quest for the Orb.
     0 | D:1      | Reached XP level 1. HP: 19/19 MP: 0/0
    85 | D:1      | Reached XP level 2. HP: 25/27 MP: 1/1
   206 | D:1      | Reached skill level 4 in Shields
   322 | D:1      | Reached XP level 3. HP: 27/33 MP: 2/2
   570 | D:2      | Reached skill level 1 in Maces & Flails
   665 | D:2      | You fall through a shaft!
   731 | D:3      | Found an ornate altar of the Wu Jian Council.
   878 | D:3      | Reached XP level 4. HP: 15/41 MP: 3/3
  1361 | D:3      | Found a shimmering altar of Xom.
  1381 | D:3      | Reached skill level 1 in Dodging
  1381 | D:3      | Reached XP level 5. HP: 47/47 MP: 4/4
  1404 | D:3      | Reached skill level 5 in Armour
  1843 | D:2      | Reached XP level 6. HP: 40/53 MP: 5/5
  1861 | D:2      | Reached skill level 5 in Shields
  2798 | D:4      | Found Eroam's Jewellery Shoppe.
  3118 | D:4      | Reached XP level 7. HP: 46/60 MP: 6/6
  3368 | D:4      | Reached skill level 5 in Fighting
  3458 | D:4      | Found a burning altar of Makhleb.
  3458 | D:4      | Found a sparkling altar of Nemelex Xobeh.
  3680 | D:5      | Entered Level 5 of the Dungeon
  3725 | D:5      | Found a shattered altar of Ashenzari.
  3741 | D:5      | Reached skill level 6 in Shields
  3839 | D:5      | Reached skill level 1 in Stealth
  3886 | D:5      | Found a basalt altar of Yredelemnul.
  4213 | D:5      | Noticed a moth of wrath
  4215 | D:5      | Found a bloodstained altar of Trog.
  4939 | D:6      | Reached skill level 1 in Slings
  4944 | D:6      | Reached XP level 8. HP: 38/68 MP: 7/7
  5201 | D:6      | Got a jade-encrusted leather armour
  5244 | D:6      | Reached skill level 5 in Maces & Flails
  5331 | D:6      | Noticed Eustachio
  5356 | D:6      | Killed Eustachio
  5356 | D:6      | Reached skill level 7 in Shields
  5480 | D:6      | Reached skill level 5 in Axes
  5653 | D:6      | Found a staircase to the Ecumenical Temple.
  5664 | Temple   | Entered the Ecumenical Temple
  5674 | Temple   | Became a worshipper of Warmaster Okawaru
  6338 | D:6      | Reached XP level 9. HP: 75/75 MP: 8/8
  6646 | D:7      | Reached * piety under Okawaru
  6665 | D:7      | Reached skill level 5 in Slings
  6681 | D:7      | Found the +3 crown of Dyrovepreva {rElec Int+2 SInv}
  7186 | D:7      | Got a smoking ring mail
  7237 | D:8      | Reached ** piety under Okawaru
  7239 | D:8      | Found an opulent altar of Gozag.
  7282 | D:8      | Found Wiraotu's Food Shoppe.
  7282 | D:8      | Found Isuhoss's Food Shoppe.
  7349 | D:8      | Found a white marble altar of Elyvilon.
  7465 | D:8      | Found a sand-covered staircase.
  7508 | Ossuary  | Entered an ossuary
  7635 | Ossuary  | Reached XP level 10. HP: 86/86 MP: 9/9
  7745 | D:8      | Found an ancient bone altar of Kikubaaqudgha.
  7750 | D:8      | Reached skill level 8 in Shields
  7784 | D:8      | Identified the +4 ring mail of the Republic {rCorr Int+6}
                  | (You found it on level 7 of the Dungeon)
  7794 | D:8      | Identified the cursed +0 leather armour "Trusted Companion"
                  | {MR+ Str+3} (You found it on level 6 of the Dungeon)
  7844 | D:8      | Found Eplanwat's Weapon Emporium.
  8085 | D:8      | Found Goagag's Food Boutique.
  8096 | D:8      | Reached *** piety under Okawaru
  8109 | D:8      | Found Wary's Assorted Antiques.
  8117 | D:8      | Bought a small citrine amulet for 135 gold pieces
  8307 | D:9      | Noticed a two-headed ogre
  8312 | D:9      | Noticed Psyche
  8326 | D:8      | Killed a two-headed ogre
  8334 | D:8      | Killed Psyche
  8334 | D:8      | Reached **** piety under Okawaru
  8694 | D:9      | Found Mogiss's Food Shoppe.
  8876 | D:9      | Reached skill level 9 in Shields
  8878 | D:9      | Received a gift from Okawaru
  8912 | D:9      | Found a staircase to the Lair.
  9001 | D:9      | Got a bloodstained whip
  9002 | D:9      | Identified the +9 whip of Ephy {freeze, Fragile rElec rN+
                  | MR- Str+7} (You found it on level 9 of the Dungeon)
  9359 | D:9      | Noticed Erica
  9367 | D:9      | Killed Erica
  9367 | D:9      | Received a gift from Okawaru
  9367 | D:9      | Reached ***** piety under Okawaru
  9367 | D:9      | Reached skill level 10 in Axes
  9367 | D:9      | Reached XP level 11. HP: 77/94 MP: 10/10
  9495 | D:9      | You fall through a shaft!
  9495 | D:10     | Entered Level 10 of the Dungeon
  9582 | D:9      | Noticed a purple ugly thing
  9595 | D:9      | Killed a purple ugly thing
  9888 | D:9      | Received a gift from Okawaru
 10002 | D:10     | Found a runed translucent door.
 10002 | D:10     | Noticed a fire dragon
 10002 | D:10     | Noticed a fire dragon
 10003 | D:10     | Found the +2 shield of Resistance {rF+ rC+ MR+}
 10003 | D:10     | Noticed an ice dragon
 10003 | D:10     | Noticed an ice dragon
 10183 | D:10     | Gained mutation: Your flesh is heat resistant. (rF+)
                  | [potion of mutation]
 10183 | D:10     | Gained mutation: Your body sometimes deteriorates upon
                  | taking damage. [potion of mutation]
 10183 | D:10     | Gained mutation: You have sharp toenails. [potion of
                  | mutation]
 10183 | D:10     | Gained mutation: You expend magic power (3 MP) to
                  | strengthen your wands. [potion of mutation]
 10208 | D:10     | Found a runed translucent door.
 10317 | D:10     | Noticed Joseph
 10329 | D:10     | Killed Joseph
 10362 | D:10     | Noticed an unseen horror
 10373 | D:10     | Killed an unseen horror
 10373 | D:10     | Reached skill level 5 in Dodging
 10373 | D:10     | Reached skill level 1 in Invocations
 10479 | D:10     | Paralysed by a hornet for 3 turns
 10811 | D:10     | Noticed an unseen horror
 10831 | D:10     | Killed an unseen horror
 11029 | D:10     | Noticed a two-headed ogre
 11046 | D:10     | Killed a two-headed ogre
 11046 | D:10     | Reached skill level 10 in Shields
 11241 | D:10     | Received a gift from Okawaru
 11244 | D:10     | Got an ichor-stained plate armour {god gift}
 11255 | D:10     | Identified the +6 plate armour of the Pleiades {rN++}
                  | (Okawaru gifted it to you on level 10 of the Dungeon)
 11362 | Lair:1   | Entered Level 1 of the Lair of Beasts
 11403 | Lair:1   | Noticed Fannar
 11432 | Lair:1   | Killed Fannar
 11987 | Lair:2   | Noticed a six-headed hydra
 11995 | Lair:2   | Killed a six-headed hydra
 12119 | Lair:2   | Learned a level 2 spell: Blink
 12146 | Lair:2   | Reached XP level 12. HP: 92/104 MP: 11/14
 12286 | Lair:2   | Noticed a six-headed hydra
 12298 | Lair:2   | Killed a six-headed hydra
 12315 | Lair:2   | Noticed a seven-headed hydra
 12327 | Lair:2   | Killed a seven-headed hydra
 12327 | Lair:2   | Reached skill level 5 in Invocations
 12472 | Lair:2   | Noticed a seven-headed hydra
 12480 | Lair:2   | Killed a seven-headed hydra
 12962 | Lair:3   | Found a staircase to the Shoals.
 13232 | Lair:3   | Received a gift from Okawaru
 13300 | Lair:3   | Noticed Snorg
 13320 | Lair:3   | Killed Snorg
 13464 | Lair:3   | Found the +8 whip "Snakebite" {curare, rPois}
 13638 | Lair:3   | Reached skill level 1 in Throwing
 13665 | Lair:4   | Noticed a five-headed hydra
 13671 | Lair:4   | Killed a five-headed hydra
 13671 | Lair:4   | Received a gift from Okawaru
 13672 | Lair:4   | Got an ichor-stained hand axe {god gift}
 13719 | Lair:4   | Found a dark tunnel.
 13729 | Volcano  | Entered a volcano
 13774 | Volcano  | Reached skill level 11 in Shields
 13815 | Volcano  | Noticed a two-headed ogre
 13832 | Volcano  | Killed a two-headed ogre
 13837 | Volcano  | Reached XP level 13. HP: 77/113 MP: 14/16
 13893 | Volcano  | Reached ****** piety under Okawaru
 13893 | Volcano  | Received a gift from Okawaru
 13893 | Volcano  | Reached skill level 10 in Fighting
 13947 | Volcano  | Noticed a fire dragon
 13972 | Volcano  | Killed a fire dragon
 14054 | Lair:4   | Identified the +9 hand axe "Meoheli" {chop, rPois rF+
                  | Str+4} (Okawaru gifted it to you on level 4 of the Lair of
                  | Beasts)
 14097 | Lair:4   | Found a frozen archway.
 14106 | IceCv    | Entered an ice cave
 14283 | IceCv    | Reached skill level 10 in Armour
 14575 | IceCv    | Received a gift from Okawaru
 14575 | IceCv    | Reached skill level 10 in Slings
 14654 | IceCv    | Reached skill level 12 in Shields
 14701 | IceCv    | Noticed a frost giant
 14718 | IceCv    | Received a gift from Okawaru
 14736 | IceCv    | Killed a frost giant
 14736 | IceCv    | Received a gift from Okawaru
 14750 | IceCv    | Got a twisted hat {god gift}
 14765 | IceCv    | Identified the +1 hat of Tidurale {MP+9} (Okawaru gifted it
                  | to you in an ice cave)
 15069 | D:10     | Killed a fire dragon
 15074 | D:10     | Killed a fire dragon
 15256 | Lair:4   | Found a hole to the Spider Nest.
 15395 | Lair:4   | Reached XP level 14. HP: 122/122 MP: 16/19
 15468 | Lair:4   | Noticed Nergalle
 15483 | Lair:4   | Killed Nergalle
 15528 | Lair:4   | Identified a scroll of acquirement
 16090 | Lair:5   | You fall through a shaft!
 16090 | Lair:6   | Entered Level 6 of the Lair of Beasts
 16269 | Lair:6   | Reached skill level 10 in Maces & Flails
 16466 | Lair:6   | Received a gift from Okawaru
 16625 | Lair:6   | Received a gift from Okawaru
 16978 | Lair:6   | Reached skill level 13 in Shields
 17611 | Lair:5   | Found a staircase to the Slime Pits.
 17612 | Lair:5   | Found a viscous altar of Jiyva.
 18192 | D:11     | Got a heavily runed wooden ring
 18194 | D:11     | Identified the ring of Red Wine {rElec rPois rC+ Int+3}
                  | (You acquired it on level 11 of the Dungeon)
 18265 | D:11     | Received a gift from Okawaru
 18511 | D:11     | Found a portal to a secret trove of treasure.
 18781 | D:11     | Found a bloodstained altar of Trog.
 18789 | D:11     | Found Hill's Assorted Antiques.
 18797 | D:11     | Bought a pair of scorched gloves for 389 gold pieces
 18811 | D:11     | Identified the +1 pair of gloves of the Insatiable Dances
                  | {rN+++ Regen+ Int+5 Dex-4} (You bought it in a shop on
                  | level 11 of the Dungeon)
 19145 | D:12     | Found a staircase to the Orcish Mines.
 19431 | D:12     | Found a shimmering altar of Xom.
 19969 | D:12     | Received a gift from Okawaru
 19990 | D:12     | Got a heavily runed chain mail {god gift}
 20001 | D:12     | Identified the +0 chain mail "Mafoshy" {Int+3} (Okawaru
                  | gifted it to you on level 12 of the Dungeon)
 20124 | Orc:1    | Entered Level 1 of the Orcish Mines
 20146 | Orc:1    | Reached XP level 15. HP: 132/132 MP: 20/20
 20148 | Orc:1    | Noticed an orc warlord
 20175 | Orc:1    | Killed an orc warlord
 20378 | Orc:2    | Entered Level 2 of the Orcish Mines
 20455 | Orc:2    | Found Soocubad's Book Boutique.
 20455 | Orc:2    | Found Eskigamo's Armour Emporium.
 20461 | Orc:2    | Received a gift from Okawaru
 20464 | Orc:2    | Found Xemu's Antique Armour Boutique.
 20464 | Orc:2    | Found Otteirock's Magic Scroll Shoppe.
 20469 | Orc:2    | Got a polished hat {god gift}
 20470 | Orc:2    | Identified the +2 hat of Bedevilment {rN+} (Okawaru gifted
                  | it to you on level 2 of the Orcish Mines)
 20570 | Orc:2    | Found Iggexad's Assorted Antiques.
 20594 | Orc:2    | Bought a scroll labeled ZEENIRCHODUF for 25 gold pieces
 20594 | Orc:2    | Bought a scroll labeled FUETHUJARHAAS for 25 gold pieces
 20618 | Orc:2    | Found a staircase to the Elven Halls.
 20955 | Orc:2    | Found Rucaom's Antique Armour Boutique.
 20967 | Orc:2    | Bought a spiked plate armour for 980 gold pieces
 20985 | Orc:2    | Identified the +1 plate armour "Forget-Me-Not" {rF+ MR+
                  | Int+7 Dex+3} (You bought it in a shop on level 2 of the
                  | Orcish Mines)
 21148 | Orc:1    | Noticed Harold
 21160 | Orc:1    | Reached skill level 14 in Shields
 21169 | Orc:1    | Killed Harold
 22087 | D:13     | Found a gate to the Vaults.
 22752 | D:14     | Received a gift from Okawaru
 22786 | D:14     | Reached XP level 16. HP: 137/144 MP: 21/21
 23026 | D:14     | Found a shadowy altar of Dithmenos.
 23194 | D:15     | Entered Level 15 of the Dungeon
 23267 | D:15     | Found a gate leading to a gauntlet.
 23303 | Gauntlet | Entered a Gauntlet
 23303 | Gauntlet | Found a transporter.
 23312 | Gauntlet | Found a transporter.
 23328 | Gauntlet | Found a transporter.
 23332 | Gauntlet | Found a transporter.
 23352 | Gauntlet | Found a transporter.
 23365 | Gauntlet | Found a transporter.
 23369 | Gauntlet | Found a transporter.
 23373 | Gauntlet | Found a transporter.
 23396 | Gauntlet | Found a transporter.
 23420 | Gauntlet | Found a transporter.
 23420 | Gauntlet | Found a transporter.
 23428 | Gauntlet | Found a transporter.
 23443 | Gauntlet | Found a runed translucent door.
 23550 | Gauntlet | Received a gift from Okawaru
 23578 | Gauntlet | Got a twitching tin ring
 23580 | Gauntlet | Identified the cursed ring of Mor Pas {rN+ Str-3} (You
                  | found it in a Gauntlet)
 23731 | Gauntlet | Identified the cursed +1 robe "Bubots" {-Tele rElec rCorr
                  | Str+8} (You found it in a Gauntlet)
 23815 | D:15     | Noticed Louise
 23851 | D:15     | Killed Louise
 23851 | D:15     | Received a gift from Okawaru
 24195 | D:15     | Received a gift from Okawaru
 24198 | D:15     | Got a crystal fustibalus {god gift}
 24199 | D:15     | Identified the +2 fustibalus "Atemum" {venom, +Fly}
                  | (Okawaru gifted it to you on level 15 of the Dungeon)
 24222 | D:15     | Found a staircase to the Depths.
 24496 | Spider:1 | Entered Level 1 of the Spider Nest
 24803 | Spider:1 | Reached skill level 15 in Shields
 25042 | Spider:1 | Noticed Zudwud's ghost (adept CeHu)
 25150 | Spider:1 | Received a gift from Okawaru
 25212 | Spider:1 | Found a runed translucent gate.
 25212 | Spider:1 | Found a runed translucent gate.
 25212 | Spider:1 | Found a runed translucent gate.
 25281 | Spider:1 | Found the +0 Maxwell's etheric cage {RegenMP+ *Contam rElec
                  | MP+4}
 25339 | Spider:1 | Killed Zudwud's ghost
 25339 | Spider:1 | Received a gift from Okawaru
 25371 | Spider:1 | Identified the Papyrus of the Ashen Oath
 25781 | Spider:2 | HP: 7/145 [spark wasp (14)]
 25781 | Spider:2 | HP: 2/145 [spark wasp (5)]
 26013 | Spider:2 | Received a gift from Okawaru
 26061 | Spider:2 | Noticed Jorgrun
 26062 | Spider:2 | Noticed Arachne
 26090 | Spider:2 | Killed Jorgrun
 26090 | Spider:2 | Received a gift from Okawaru
 26100 | Spider:2 | Killed Arachne
 26145 | Spider:2 | Reached XP level 17. HP: 76/152 MP: 13/23
 26856 | Spider:3 | Reached skill level 16 in Shields
 27242 | Spider:3 | Received a gift from Okawaru
 27613 | Spider:4 | Entered Level 4 of the Spider Nest
 27831 | Spider:4 | Received a gift from Okawaru
 27835 | Spider:4 | Identified the +5 battleaxe of Yhodacheime {protect, rF-
                  | Dex+4 SInv} (Okawaru gifted it to you on level 4 of the
                  | Spider Nest)
 27913 | Spider:4 | Reached skill level 15 in Armour
 28394 | Spider:4 | Received a gift from Okawaru
 28397 | Spider:4 | Got a distressingly furry hat {god gift}
 28408 | Spider:4 | Identified the +2 hat "Foys" {rC+ MR+ Str-5} (Okawaru
                  | gifted it to you on level 4 of the Spider Nest)
 28428 | Spider:4 | Got a gossamer rune of Zot
 29151 | Shoals:1 | Entered Level 1 of the Shoals
 29528 | Shoals:1 | Reached skill level 15 in Fighting
 29590 | Shoals:1 | Noticed Donald
 29621 | Shoals:1 | Killed Donald
 30129 | Shoals:2 | Identified the +1 hand axe of Inference {vamp, rC+ MR+}
                  | (You found it on level 2 of the Shoals)
 30296 | Shoals:2 | Reached skill level 1 in Translocations
 30600 | Shoals:2 | Noticed Ilsuiw
 30618 | Shoals:2 | Reached XP level 18. HP: 148/163 MP: 17/24
 30642 | Shoals:2 | Killed Ilsuiw
 30642 | Shoals:2 | Reached skill level 1 in Spellcasting
 30781 | Shoals:2 | Reached skill level 15 in Axes
 30812 | Shoals:2 | Identified the +3 scale mail of Okawaru's Generosity
                  | {Str+4}
 30956 | Shoals:3 | Received a gift from Okawaru
 30956 | Shoals:3 | Reached skill level 17 in Shields
 31220 | Shoals:3 | Received a gift from Okawaru
 31913 | Shoals:4 | Entered Level 4 of the Shoals
 32196 | Shoals:4 | Received a gift from Okawaru
 32735 | Shoals:4 | Identified the +0 dagger of Wiggyoxi {freeze, *Slow rC+
                  | Int+3 Stlth+} (You found it on level 4 of the Shoals)
 32838 | Shoals:4 | Got a barnacled rune of Zot
 32907 | Shoals:4 | Received a gift from Okawaru
 33234 | Elf:1    | Entered Level 1 of the Elven Halls
 33264 | Elf:1    | Received a gift from Okawaru
 33516 | Elf:1    | Reached XP level 19. HP: 113/172 MP: 25/25
 33570 | Elf:1    | Received a gift from Okawaru
 33570 | Elf:1    | Reached skill level 18 in Shields
 33804 | Elf:1    | Learned a level 1 spell: Apportation
 33807 | Elf:1    | Learned a level 2 spell: Shroud of Golubria
 33827 | Elf:1    | Noticed Agnes
 33847 | Elf:1    | Killed Agnes
 33889 | Elf:1    | Found Weerrucw's General Store.
 33941 | Elf:1    | Received a gift from Okawaru
 34160 | Elf:1    | Identified the Grimoire of Arcane Weapons and Creation
 34271 | Elf:2    | Noticed a Tzitzimitl
 34334 | Elf:2    | Noticed Nikola
 34351 | Elf:2    | Killed Nikola
 34441 | Elf:2    | Found a huge runed translucent gate.
 34441 | Elf:2    | Found a huge runed translucent gate.
 34441 | Elf:2    | Found a huge runed translucent gate.
 34441 | Elf:2    | Found a huge runed translucent gate.
 34446 | Elf:2    | Found a huge runed translucent gate.
 34524 | Elf:2    | Received a gift from Okawaru
 34634 | Elf:2    | Identified Roxanne's Grimoire of Stones
 34634 | Elf:2    | Noticed Roxanne
 34669 | Elf:2    | Killed Roxanne
 35211 | Elf:2    | Reached skill level 15 in Slings
 35532 | Elf:2    | Received a gift from Okawaru
 35613 | Elf:3    | Entered Level 3 of the Elven Halls
 35811 | Elf:3    | Found Losiant's Antique Weapon Shop.
 35862 | Elf:3    | Identified the cursed -6 buckler of Dithmenos's Wrath
                  | {+Fly} (You found it on level 3 of the Elven Halls)
 35897 | Elf:3    | Found a runed translucent gate.
 35897 | Elf:3    | Found a runed translucent gate.
 36003 | Elf:3    | Found Maruiphi's Gadget Shoppe.
 36003 | Elf:3    | Found Oskull's Jewellery Boutique.
 36004 | Elf:3    | Found Irghupt's Jewellery Boutique.
 36025 | Elf:3    | Bought the amulet of Beauty {Regen+ Str+2 Slay+3} for 753
                  | gold pieces
 36316 | Elf:3    | Identified the +9 spear of Equilibrium {vamp, rPois rF+
                  | MR+}
 36317 | Elf:3    | Noticed kalagan's ghost (adept DEEE)
 36329 | Elf:3    | Received a gift from Okawaru
 36332 | Elf:3    | Got a crude hat {god gift}
 36343 | Elf:3    | Identified the +2 hat of Giolorie {rPois Int-4 Dex+5}
                  | (Okawaru gifted it to you on level 3 of the Elven Halls)
 36454 | Elf:3    | Found a runed translucent gate.
 36471 | Elf:3    | Killed kalagan's ghost
 36586 | Elf:3    | Identified the +5 battleaxe of Foolhardiness {venom, rElec
                  | rF+ rN+}
 36611 | Elf:3    | Reached XP level 20. HP: 184/184 MP: 23/26
 36771 | Elf:3    | Reached skill level 19 in Shields
 36865 | Elf:3    | Identified the cursed +1 robe of Sloth {rN+}
 36876 | Elf:3    | Identified the +3 scythe "Kuch" {drain, rC++ Str+6 Dex-3}
 36947 | Elf:3    | Identified Sif Muna's Reference Book on the Destructive
                  | Frostbite
 37060 | Elf:3    | Learned a level 1 spell: Summon Small Mammal
 37298 | Depths:1 | Entered Level 1 of the Depths
 37345 | Depths:1 | Found a one-way gate to the infinite horrors of the Abyss.
 37479 | Depths:1 | Found a gateway to Hell.
 37635 | Depths:1 | Received a gift from Okawaru
 37646 | Depths:1 | Reached skill level 1 in Summonings
 37666 | Depths:1 | Identified the cursed ring "Fuenukh" {Str+8 Dex-3}
 37680 | Depths:1 | Noticed a caustic shrike
 37853 | Vaults:1 | Entered Level 1 of the Vaults
 37879 | Vaults:1 | Reached skill level 1 in Charms
 38537 | Vaults:1 | Received a gift from Okawaru
 39441 | Vaults:2 | Paralysed by a vampire knight for 4 turns
 39677 | Vaults:2 | Received a gift from Okawaru
 39783 | Vaults:2 | Received a gift from Okawaru
 39786 | Vaults:2 | Got an encrusted hat {god gift}
 39797 | Vaults:2 | Identified the -2 hat "Yxkirefe" {rElec rN+ Int-5 SInv}
                  | (Okawaru gifted it to you on level 2 of the Vaults)
 39859 | Vaults:2 | Identified the cursed +0 morningstar "Sehan" {venom, Str+6
                  | Stlth+}
 39903 | Vaults:2 | Reached XP level 21. HP: 167/194 MP: 27/27
 40261 | Vaults:2 | Found a staircase to the Crypt.
 40968 | Vaults:3 | Found a ruined gateway.
 41012 | Desolati | Entered the Desolation of Salt
 41225 | Desolati | Got a vibrating tin ring
 41227 | Desolati | Identified the ring of Uvokhluab {+Fly MR+} (You found it
                  | in the Desolation of Salt)
 41273 | Desolati | Got a vibrating copper amulet
 41274 | Desolati | Identified the amulet "Puevue" {Acrobat +Inv rN+ MR+} (You
                  | found it in the Desolation of Salt)
 41388 | Desolati | Identified the +0 plate armour of Impressiveness {Str+2
                  | Dex+4 SInv} (You found it in the Desolation of Salt)
 41392 | Desolati | Got a smoking chain mail
 41393 | Desolati | Identified the cursed +1 chain mail of the Tick {+Blink
                  | rF++ Regen+ Str+3 Slay-2} (You found it in the Desolation
                  | of Salt)
 41402 | Desolati | Got a heavily runed ring mail
 41403 | Desolati | Identified the cursed +0 ring mail of Sorcery {Str+4 Int-5
                  | Stlth+} (You found it in the Desolation of Salt)
 41426 | Desolati | Received a gift from Okawaru
 41691 | Desolati | Found the +5 robe of Night {Dark MR+ SInv}
 41718 | Desolati | Identified Sif Muna's Papyrus of Flamy Protection
 41721 | Desolati | Got a pitted trident
 41722 | Desolati | Identified the +3 trident of Power {vamp, *Rage rPois
                  | Dex+5} (You found it in the Desolation of Salt)
 41975 | Desolati | Found the +7 Spriggan's Knife {stab, EV+4 Stlth+}
 42075 | Desolati | Reached skill level 20 in Shields
 42167 | Vaults:3 | Identified the +2 executioner's axe of Bodily Harmony
                  | {holy, rElec Int+2 Dex-5 SInv} (You found it on level 3 of
                  | the Vaults)
 42301 | Vaults:3 | Reached skill level 5 in Summonings
 42626 | Vaults:3 | Identified the +2 leather armour of the Invisible Hand
                  | {*Contam Int+6} (You found it on level 3 of the Vaults)
 43083 | Vaults:3 | Received a gift from Okawaru
 43643 | Vaults:3 | Reached XP level 22. HP: 205/205 MP: 28/28
 43916 | D:11     | Bought a pair of runed boots for 307 gold pieces
 43926 | D:11     | Identified a +0 pair of boots of running (You bought it in
                  | a shop on level 11 of the Dungeon)
 43930 | D:11     | Bought a scroll of enchant armour for 307 gold pieces
 44470 | Vaults:4 | Got a sparkling ivory ring
 44472 | Vaults:4 | Identified the ring of Seabluz {rC+ rN+ Dex+4} (You
                  | acquired it on level 4 of the Vaults)
 44708 | Vaults:4 | Received a gift from Okawaru
 44769 | Vaults:4 | Noticed Saint Roka
 44811 | Vaults:4 | Killed Saint Roka
 45186 | Vaults:4 | Received a gift from Okawaru
 45200 | Vaults:4 | Reached skill level 5 in Charms
 46113 | Depths:1 | Noticed a caustic shrike
 46132 | D:15     | Killed a caustic shrike
 46157 | D:15     | Killed a caustic shrike
 46157 | D:15     | Received a gift from Okawaru
 46189 | Depths:1 | Noticed a caustic shrike
 46213 | Depths:1 | Killed a caustic shrike
 46407 | Depths:1 | Reached skill level 21 in Shields
 46671 | Depths:1 | Identified Falontyv's Compendium of Igneous Conjuration
 46736 | Depths:1 | Reached XP level 23. HP: 215/215 MP: 29/29
 47166 | Depths:2 | Noticed Mara
 47250 | Depths:1 | Voluntarily entered the Abyss.
 47454 | Abyss:3  | Found a corrupted altar of Lugonu.
 47473 | Abyss:3  | Gained mutation: You are robust. (+10% HP) [a neqoxec]
 47506 | Abyss:3  | Found a corrupted altar of Lugonu.
 47561 | Abyss:3  | Found a corrupted altar of Lugonu.
 47726 | Abyss:3  | Received a gift from Okawaru
 47727 | Abyss:3  | Got a pair of ancient gloves {god gift}
 47732 | Abyss:3  | Identified the +0 pair of gloves of Jimpymp {rC+ rCorr}
                  | (Okawaru gifted it to you on level 3 of the Abyss)
 47950 | Abyss:3  | Found a deep blue altar of Sif Muna.
 48003 | Abyss:3  | Found a corrupted altar of Lugonu.
 48147 | Abyss:4  | Found a corrupted altar of Lugonu.
 48169 | Abyss:4  | Reached skill level 1 in Evocations
 48185 | Abyss:5  | Entered Level 5 of the Abyss
 48185 | Abyss:5  | Entered Level 5 of the Abyss
 48187 | Abyss:5  | Found a roughly hewn altar of Beogh.
 48493 | Abyss:5  | Gained mutation: You are weak. (Str -2) [a neqoxec]
 48562 | Abyss:5  | Reached skill level 10 in Invocations
 48594 | Abyss:5  | Found a snail-covered altar of Cheibriados.
 48654 | Abyss:5  | Reached skill level 22 in Shields
 48736 | Abyss:5  | Received a gift from Okawaru
 48858 | Abyss:5  | Paralysed by accursed screaming for 1 turns
 48957 | Abyss:5  | Gained mutation: You tend to lose your temper in combat. [a
                  | neqoxec]
 49095 | Abyss:5  | Identified the +4 ring mail of the Slug {rF- rN++ rCorr
                  | Str+4} (You found it on level 5 of the Abyss)
 49133 | Depths:1 | Escaped the Abyss
 49430 | Depths:2 | Noticed a caustic shrike
 49430 | Depths:2 | Noticed a caustic shrike
 49432 | Depths:2 | Noticed Duaga's ghost (veteran GnEn)
 49437 | Depths:2 | Reached XP level 24. HP: 248/248 MP: 29/29
 49498 | Depths:2 | Found Vyogon's Jewellery Shop.
 49587 | Depths:2 | Noticed dvd's illusion
 49641 | Depths:2 | Killed Mara
 49641 | Depths:2 | Received a gift from Okawaru
 49708 | Depths:2 | Noticed Asterion
 49736 | Depths:2 | Killed Asterion
 49737 | Depths:2 | Received a gift from Okawaru
 49876 | Depths:2 | Found a transporter.
 49883 | Depths:2 | Found a transporter.
 50133 | Depths:2 | Found a one-way gate leading to the halls of Pandemonium.
 50262 | Depths:2 | Identified the amulet "Kyeg" {RegenMP rF++ Str+2 Dex+3
                  | Stlth-}
 50423 | Depths:2 | Received a gift from Okawaru
 50896 | Depths:2 | Received a gift from Okawaru
 50897 | Depths:2 | Found the +0 mask of the Dragon {MR+ Slay+3 SInv}
 51014 | Depths:2 | Reached skill level 23 in Shields
 51023 | Depths:2 | Killed Duaga's ghost
 51040 | Depths:2 | Got a translucent wooden ring
 51042 | Depths:2 | Got a twitching ivory ring
 51096 | Depths:2 | Identified the ring "Emouc" {Ice rElec rPois} (You found it
                  | on level 2 of the Depths)
 51098 | Depths:2 | Identified the cursed ring "Nemo Mus" {EV-3 Int+7 SInv}
                  | (You found it on level 2 of the Depths)
 51399 | Slime:1  | Entered Level 1 of the Pits of Slime
 51472 | Slime:1  | Gained mutation: You have a pair of large horns on your
                  | head. [a shining eye]
 51490 | Lair:5   | Lost mutation: You expend magic power (3 MP) to strengthen
                  | your wands. [potion of mutation]
 51490 | Lair:5   | Lost mutation: Your body sometimes deteriorates upon taking
                  | damage. [potion of mutation]
 51490 | Lair:5   | Lost mutation: Your flesh is heat resistant. (rF+) [potion
                  | of mutation]
 51490 | Lair:5   | Gained mutation: You occasionally shout uncontrollably at
                  | your foes. [potion of mutation]
 51490 | Lair:5   | Gained mutation: You are partially covered in large bone
                  | plates. (SH +4) [potion of mutation]
 51709 | Slime:5  | Entered Level 5 of the Pits of Slime
 52011 | Slime:5  | Found a viscous altar of Jiyva.
 52039 | Slime:5  | Noticed the Royal Jelly
 52061 | Slime:5  | Killed the Royal Jelly
 52061 | Slime:5  | Received a gift from Okawaru
 52087 | Slime:5  | Reached skill level 5 in Translocations
 52095 | Slime:5  | Lost mutation: You are robust. (+10% HP) [a shining eye]
 52102 | Slime:5  | Reached XP level 25. HP: 207/237 MP: 29/29
 52198 | Slime:5  | Got a slimy rune of Zot
 52200 | Slime:5  | Got a brightly glowing turquoise ring
 52202 | Slime:5  | Identified the ring "Oniari Olui" {+Blink rElec rPois MR+}
                  | (You found it on level 5 of the Pits of Slime)
 52302 | Slime:5  | Identified the +7 lajatang of a bailey {flame, -Tele rF+++
                  | MR+ SInv} (You found it on level 5 of the Pits of Slime)
 52315 | Slime:5  | Got a twisted mace
 52316 | Slime:5  | Identified the +5 mace "Sufi" {drain, Stlth+} (You found it
                  | on level 5 of the Pits of Slime)
 52376 | Lair:5   | Lost mutation: You have a pair of large horns on your head.
                  | [potion of mutation]
 52376 | Lair:5   | Lost mutation: You are weak. (Str -2) [potion of mutation]
 52376 | Lair:5   | Lost mutation: You occasionally shout uncontrollably at
                  | your foes. [potion of mutation]
 52376 | Lair:5   | Lost mutation: You have sharp toenails. [potion of
                  | mutation]
 52376 | Lair:5   | Gained mutation: You are somewhat resistant to further
                  | mutation. [potion of mutation]
 52679 | Vaults:5 | Entered Level 5 of the Vaults
 52764 | Vaults:5 | Identified the cursed +0 pair of gloves of Love and Death
                  | {rElec rPois MR- SInv} (You found it on level 5 of the
                  | Vaults)
 52831 | Vaults:5 | Got a silver rune of Zot
 52858 | Vaults:5 | Identified Nufesanuvo's Disquisition on Igneous Slavery
 52893 | Vaults:5 | Received a gift from Okawaru
 53176 | Vaults:5 | Identified the ring "Arasipn" {*Drain *Slow rPois rF+++
                  | rN+}
 53243 | Vaults:5 | Identified the Almanac of Shifting Companions
 53246 | Vaults:5 | Identified the Handbook of the Several Dreams
 53539 | Vaults:5 | Received a gift from Okawaru
 53539 | Vaults:5 | Reached skill level 24 in Shields
 53561 | Vaults:5 | Got an ebony whip
 53562 | Vaults:5 | Identified the +10 whip of Gydocs {holy, rN+ MP+9} (You
                  | found it on level 5 of the Vaults)
 54071 | Vaults:5 | Identified the Handbook of Dark Arcane Weapons
 54088 | Vaults:5 | Identified the cursed +0 ring mail of Shadows and Fog
                  | {rCorr Int+4} (You found it on level 5 of the Vaults)
 54781 | Temple   | Fell from the grace of Okawaru
 54781 | Temple   | Became a worshipper of the Shining One
 55013 | Crypt:1  | Entered Level 1 of the Crypt
 55064 | Crypt:1  | Reached * piety under the Shining One
 55102 | Crypt:1  | Reached ** piety under the Shining One
 55196 | Crypt:1  | Reached *** piety under the Shining One
 55535 | Crypt:1  | Noticed a greater mummy
 55541 | Crypt:1  | Killed a greater mummy
 55541 | Crypt:1  | Noticed Khufu
 55549 | Crypt:1  | Killed Khufu
 55549 | Crypt:1  | Reached XP level 26. HP: 248/248 MP: 29/29
 55558 | Crypt:1  | Reached **** piety under the Shining One
 55760 | Crypt:1  | Noticed Sojobo
 55778 | Crypt:1  | Killed Sojobo
 55854 | Crypt:2  | Reached ***** piety under the Shining One
 56919 | Crypt:2  | Found a deep blue altar of Sif Muna.
 56961 | Crypt:2  | Identified Cueckoaq's Almanac of Companions
 57209 | Orc:2    | Bought a book of Summonings for 1050 gold pieces
 57215 | Orc:2    | Learned a level 5 spell: Aura of Abjuration
 57603 | Crypt:3  | Entered Level 3 of the Crypt
 57625 | Crypt:3  | Reached ****** piety under the Shining One
 57820 | Vaults:2 | Identified a +5 broad axe of holy wrath (a +3 broad axe
                  | blessed by the Shining One)
 57820 | Vaults:2 | Received a gift from the Shining One
 57948 | Crypt:3  | Reached skill level 5 in Spellcasting
 58131 | Crypt:3  | Noticed an ancient lich
 58132 | Crypt:3  | Found a basalt altar of Yredelemnul.
 58139 | Crypt:3  | Killed an ancient lich
 58367 | Crypt:3  | Identified the Compendium of Evil
 58714 | Crypt:3  | Found a staircase to the Tomb.
 58739 | Crypt:3  | Identified the cursed +1 ring mail of Inefunio {rElec rF+
                  | Str+4 Stlth+} (You found it on level 3 of the Crypt)
 59231 | Hell     | Entered the Vestibule of Hell
 59231 | Hell     | Noticed Geryon
 59256 | Hell     | Cast into level 1 of the Abyss (red devil)
 59256 | Abyss:1  | Found a corrupted altar of Lugonu.
 59274 | Abyss:1  | Reached skill level 25 in Shields
 59287 | Abyss:1  | Paralysed by accursed screaming for 2 turns
 59289 | Abyss:1  | HP: 6/251 [bone dragon (7)]
 59302 | Abyss:1  | Paralysed by accursed screaming for 2 turns
 59313 | Abyss:1  | Found a corrupted altar of Lugonu.
 59313 | Abyss:1  | HP: 11/251 [starcursed mass/accursed screaming (16)]
 59313 | Abyss:1  | Paralysed by accursed screaming for 2 turns
 59331 | Abyss:1  | HP: 5/251 [starcursed mass/accursed screaming (12)]
 59336 | Abyss:1  | Reached XP level 27. HP: 9/259 MP: 19/30
 59337 | Abyss:1  | HP: 1/388 [starcursed mass/accursed screaming (9)]
 59337 | Abyss:1  | Paralysed by accursed screaming for 2 turns
 59338 | Abyss:1  | Killed from afar by a starcursed mass

Skill      XL: |  1  2  3  4  5  6  7  8  9 10 11 12 13 14 15 16 17 18 19 20 21 22 23 24 25 26 |
---------------+-------------------------------------------------------------------------------+-----
Armour         | 4 5 6 7 8 9 10 12 13 14 15 16 17 18 19 20 21 22 23 | 23.2
Fighting       | 4 5 7 8 9 10 11 13 14 15 16 17 18 19 20 21 22 23 | 23.4
Shields        | 4 5 6 7 9 10 11 12 13 14 15 16 17 18 19 20 21 22 23 24 25 | 25.1
Maces & Flails | 1 2 3 4 5 7 9 10 11 12 13 | 13.2
Dodging        | 1 2 3 4 5 6 7 |  7.6
Stealth        | 1 2 |  2.7
Slings         | 1 3 7 8 9 10 11 12 13 14 15 16 17 | 17.6
Axes           | 5 7 10 11 12 13 14 15 16 17 18 19 | 19.9
Invocations    | 4 6 8 9 10 11 | 11.1
Throwing       | 1 3 |  3.5
Translocations | 1 3 4 5 |  5.4
Spellcasting   | 3 4 5 |  5.9
Summonings     | 3 5 6 7 |  7.8
Charms         | 2 4 5 |  5.7
Evocations     | 1 |  1.4

Action                   |  1- 3 |  4- 6 |  7- 9 | 10-12 | 13-15 | 16-18 | 19-21 | 22-24 | 25-27 || total
-------------------------+-------+-------+-------+-------+-------+-------+-------+-------+-------++-------
Melee: War axe           |    16 |       |   277 |   310 |       |       |       |   554 |   448 ||  1605
       Whip              |   128 |   186 |   134 |   203 |   759 |   546 |   545 |   325 |    36 ||  2862
       Headbutt          |    22 |    35 |    95 |   112 |   318 |   359 |   356 |   487 |   243 ||  2027
       Hand axe          |       |       |       |    12 |   559 |   793 |   510 |   571 |       ||  2445
       Flail             |       |       |       |     9 |       |       |       |       |       ||     9
       Hunting sling     |       |       |       |     1 |       |       |       |       |       ||     1
       Fustibalus        |       |       |       |       |     6 |       |       |       |       ||     6
       Broad axe         |       |       |       |       |       |       |       |       |   192 ||   192
 Fire: Hunting sling     |       |       |   132 |   209 |       |       |       |       |       ||   341
       Fustibalus        |       |       |       |       |   471 |   767 |   919 |   615 |   353 ||  3125
Throw: Tomahawk          |       |     2 |       |     6 |     4 |       |       |       |       ||    12
       Javelin           |       |       |       |       |       |     4 |    34 |     9 |       ||    47
 Cast: Blink             |       |       |       |       |       |     1 |    16 |     5 |    12 ||    34
       Apportation       |       |       |       |       |       |       |       |    52 |     2 ||    54
Invok: Heroism           |       |       |       |    20 |    25 |    28 |    20 |    30 |     4 ||   127
       Finesse           |       |       |       |       |       |     6 |     1 |     7 |     1 ||    15
       Divine Shield     |       |       |       |       |       |       |       |       |     4 ||     4
       Cleansing Flame   |       |       |       |       |       |       |       |       |    15 ||    15
       Summon Divine War |       |       |       |       |       |       |       |       |     1 ||     1
       Brand Weapon With |       |       |       |       |       |       |       |       |     1 ||     1
 Abil: Evoke Flight      |       |       |       |       |       |       |       |     6 |       ||     6
Evoke: Wand              |       |       |       |     1 |       |     5 |     1 |     3 |     3 ||    13
  Use: Scroll            |     3 |     2 |     5 |     8 |    13 |    15 |    22 |    17 |     9 ||    94
       Potion            |       |     1 |       |    10 |     3 |     6 |       |     6 |     9 ||    35
 Stab: Invisible         |       |       |       |       |     2 |       |       |       |       ||     2
       Held in net/web   |       |       |       |       |       |     2 |       |       |       ||     2
       Petrifying        |       |       |       |       |       |       |       |     1 |       ||     1
       Distracted        |       |       |       |       |       |       |       |       |     1 ||     1
  Eat: Chunk             |       |     7 |    15 |    21 |    31 |    31 |    32 |    18 |     9 ||   164
       Ration            |       |       |       |       |       |     1 |       |     3 |     4 ||     8
Armor: Scale mail        |    54 |    50 |    34 |       |       |       |       |       |       ||   138
       Chain mail        |       |       |   118 |    18 |       |       |       |       |       ||   136
       Ring mail         |       |       |       |   113 |       |       |       |       |       ||   113
       Skin              |       |       |       |    35 |       |       |       |       |       ||    35
       Plate armour      |       |       |       |    85 |   405 |   636 |   283 |   411 |   298 ||  2118
Dodge: Dodged            |    41 |    41 |   100 |   195 |   261 |   528 |   260 |   409 |   247 ||  2082
       Deflected         |       |       |       |       |       |    29 |    26 |     7 |       ||    62
Block: Shield            |    69 |    81 |   247 |   409 |   714 |  1260 |   797 |  1382 |  1021 ||  5980
       Reflection        |       |       |       |    14 |       |       |    32 |    92 |    68 ||   206
